Washington Capitals vs Calgary Flames
Created - Sunday, March 10, 2024 at 07:52
Goals
|
| Washington Capitals |
1 |
0 |
0 |
1 |
| Calgary Flames |
1 |
0 |
2 |
3 |
|
Shots
|
| Washington Capitals |
12 |
8 |
8 |
28 |
| Calgary Flames |
9 |
15 |
19 |
43 |
|
1st period
1. Calgary Flames , Joel Eriksson Ek 12 (J.T. Miller 24) at 4:15
2. Washington Capitals , Drake Batherson 8 (Nico Hischier 11, Owen Tippett 7) at 16:48 (PP)
Penalties :
Jacob Middleton (CGY) for Tripping (Minor) at 1:23, Sebastian Aho (CGY) for Roughing (Minor) at 9:05, Kris Letang (CGY) for Hooking (Minor) at 14:59, Ian Cole (WSH) for Hooking (Minor) at 17:12
2nd period
No Goal
Penalties :
David Savard (WSH) for Holding (Minor) at 12:37, Erik Johnson (WSH) for Hooking (Minor) at 19:06
3rd period
3. Calgary Flames , Zach Hyman 17 (Rasmus Andersson 11) at 8:52
4. Calgary Flames , Matthew Tkachuk 16 (J.T. Miller 25) at 11:33
Penalties :
Yakov Trenin (CGY) for High sticking (Minor) at 17:39
Goalie Stats
Jake Oettinger (WSH), 40 saves from 43 shots - (0.930), L, 9-14-0, 60:00 minutes
Ilya Sorokin (CGY), 27 saves from 28 shots - (0.964), W, 17-3-2, 60:00 minutes
Players Stats for Washington Capitals
Player Name G A P +/- PIM S H SB GA TA FO MP PP MP PK MP
------------------------------------------------------------------------------------
Alex Ovechkin 0 0 0 0 0 1 3 0 1 0 0/1 22:46 4:40 0:00
Brad Marchand 0 0 0 -3 0 3 2 1 1 0 0/1 16:08 0:00 3:36
Brayden Point 0 0 0 0 0 4 1 0 1 1 14/26 22:46 4:40 0:00
David Savard 0 0 0 -2 2 1 1 0 0 1 0/0 23:32 5:05 2:13
Dominik Kubalik 0 0 0 0 0 1 1 1 0 0 0/0 9:16 0:00 0:56
Drake Batherson 1 0 1 0 0 3 1 0 1 0 0/0 11:15 3:06 0:00
Dylan DeMelo 0 0 0 -1 0 0 0 0 0 1 0/0 14:16 0:00 0:34
Erik Johnson 0 0 0 -1 2 0 0 1 0 1 0/0 18:58 2:41 2:45
Ian Cole 0 0 0 0 2 1 1 2 0 0 0/0 18:55 0:00 1:59
Isac Lundestrom 0 0 0 0 0 1 1 0 0 0 0/6 8:45 0:00 1:39
Jason Robertson 0 0 0 0 0 2 0 0 1 0 1/2 22:44 4:39 0:00
John Carlson 0 0 0 -2 0 2 1 0 0 0 0/0 23:20 5:05 2:24
Jordan Kyrou 0 0 0 0 0 2 0 0 2 0 0/0 7:26 0:00 0:00
Michael Mcleod 0 0 0 0 0 0 0 0 0 1 7/13 11:25 0:00 3:25
Nick Foligno 0 0 0 0 0 2 0 2 0 0 0/0 9:42 0:01 2:08
Nick Jensen 0 0 0 0 0 0 2 0 0 3 0/0 20:52 2:41 1:45
Nico Hischier 0 1 1 -3 0 2 1 0 0 0 13/19 16:09 3:06 0:24
Owen Tippett 0 1 1 -3 0 3 1 0 0 0 0/1 15:45 3:06 0:00
Players Stats for Calgary Flames
Player Name G A P +/- PIM S H SB GA TA FO MP PP MP PK MP
------------------------------------------------------------------------------------
Cole Sillinger 0 0 0 0 0 2 0 0 0 0 0/6 6:09 0:00 0:07
Drew Doughty 0 0 0 1 0 1 2 1 0 1 0/0 22:59 2:43 3:55
J.T. Miller 0 2 2 2 0 2 0 0 2 0 11/22 20:32 2:58 3:46
Jacob Middleton 0 0 0 0 2 1 0 1 0 0 0/0 13:46 0:00 0:00
Jeff Petry 0 0 0 2 0 6 2 2 0 1 0/0 23:22 3:14 3:51
Joel Eriksson Ek 1 0 1 2 0 2 1 0 1 0 3/5 20:31 2:58 3:53
Kris Letang 0 0 0 1 2 3 1 0 0 0 0/0 22:22 3:14 2:52
Mathieu Joseph 0 0 0 0 0 2 0 0 0 0 0/0 16:55 0:00 3:53
Matthew Tkachuk 1 0 1 2 0 7 1 0 1 0 0/1 17:17 2:58 0:07
Nic Dowd 0 0 0 0 0 0 1 1 0 0 8/13 16:56 0:00 3:46
Oliver Bjorkstrand 0 0 0 0 0 4 1 0 2 0 0/0 13:02 0:00 0:00
Rafael Harvey-Pinard 0 0 0 0 0 0 1 0 0 2 0/0 5:50 0:00 0:00
Rasmus Andersson 0 1 1 2 0 2 2 1 1 2 0/0 22:59 2:43 3:55
Ryan McDonagh 0 0 0 0 0 0 1 0 0 1 0/0 14:38 0:00 0:59
Sebastian Aho 0 0 0 1 2 0 0 0 0 0 12/21 16:35 2:59 0:00
Timo Meier 0 0 0 1 0 3 2 0 0 0 0/0 16:24 2:59 0:00
Yakov Trenin 0 0 0 0 2 2 0 0 1 0 0/0 5:49 0:00 0:00
Zach Hyman 1 0 1 1 0 6 2 0 0 0 0/1 16:04 2:59 0:00
3 Stars
1 - Ilya Sorokin (CGY)
2 - Matthew Tkachuk (CGY)
3 - Joel Eriksson Ek (CGY)
Power Play
Washington Capitals - 1 on 4 Attempt(s) - 25.00%
Calgary Flames - 0 on 3 Attempt(s) - 0.00%
Penalty Kill
Washington Capitals - 3 on 3 Attempt(s) - 100.00%
- Score 0 goal in Penalty Kill
Calgary Flames - 3 on 4 Attempt(s) - 75.00%
- Score 0 goal in Penalty Kill
Team Stat
Washington Capitals - Hits : 16 - Faceoff Wins : 35 - Blocked Shots : 7 - Penalty Minutes : 6
Calgary Flames - Hits : 17 - Faceoff Wins : 34 - Blocked Shots : 6 - Penalty Minutes : 8
Official
Referees : Kevin Pollock and Eric Furlatt
Linesman : Greg Devorski and Mike Cvik
Game Notes
No Game Note
Finance
Level 1 -- Attendance: 4463 (74.38%) -- Ticket Income $446,300
Level 2 -- Attendance: 3654 (73.08%) -- Ticket Income $219,240
Level 3 -- Attendance: 2341 (78.03%) -- Ticket Income $81,935
Level 4 -- Attendance: 4053 (81.06%) -- Ticket Income $101,325
Luxury Box -- Attendance: 762 (76.20%) -- Ticket Income $152,400
Game was played at the Scotiabank Saddledome.
Total Attendance: 15273 (76.37%)
Total Ticket Income: $1,001,200
Other Income: $350,420
Total Income: $1,351,620
Washington Capitals
5 vs 5 Forward
Center Left Wing Right Wing Time % Phy DF OF
1 Brayden Point Alex Ovechkin Jason Robertson 40 1 1 3
2 Nico Hischier Brad Marchand Owen Tippett 30 1 1 3
3 Michael Mcleod Dominik Kubalik Drake Batherson 20 1 1 3
4 Isac Lundestrom Nick Foligno Jordan Kyrou 10 1 1 3
5 vs 5 Defense
Defense Defense Time % Phy DF OF
1 John Carlson David Savard 35 2 3 0
2 Nick Jensen Ian Cole 35 2 3 0
3 Dylan DeMelo Erik Johnson 30 2 3 0
4 John Carlson David Savard 0 2 3 0
PowerPlay Forward
Center Left Wing Right Wing Time % Phy DF OF
1 Brayden Point Alex Ovechkin Jason Robertson 60 1 2 2
2 Nico Hischier Owen Tippett Drake Batherson 40 1 2 2
PowerPlay Defense
Defense Defense Time % Phy DF OF
1 David Savard John Carlson 60 1 2 2
2 Erik Johnson Nick Jensen 40 1 2 2
Penalty Kill 4 Players Forward
Center Wing Time % Phy DF OF
1 Michael Mcleod Brad Marchand 60 1 2 2
2 Isac Lundestrom Nick Foligno 40 1 2 2
Penalty Kill 4 Players Defense
Defense Defense Time % Phy DF OF
1 David Savard Ian Cole 60 1 2 2
2 Erik Johnson Nick Jensen 40 1 2 2
Penalty Kill - 3 Players Forward
Forward Time % Phy DF OF
1 Michael Mcleod 60 1 2 2
2 Isac Lundestrom 40 1 2 2
Penalty Kill - 3 Players Defense
Defense Defense Time % Phy DF OF
1 David Savard Ian Cole 60 1 2 2
2 Erik Johnson Nick Jensen 40 1 2 2
4 vs 4 Forward
Center Wing Time % Phy DF OF
1 Brayden Point Alex Ovechkin 60 1 2 2
2 Nico Hischier Jason Robertson 40 1 2 2
4 vs 4 Defense
Defense Defense Time % Phy DF OF
1 David Savard John Carlson 60 1 2 2
2 Erik Johnson Nick Jensen 40 1 2 2
Last Minutes Offensive
Center Left Wing Right Wing Defense Defense
Brayden Point Alex Ovechkin Jason Robertson David Savard John Carlson
Last Minutes Defensive
Center Left Wing Right Wing Defense Defense
Nico Hischier Brad Marchand Nick Foligno David Savard Ian Cole
Goaltenders
Starting : Jake Oettinger
Backup : Sergei Bobrovsky
Extra Forwards
Normal : Jordan Kyrou, Drake Batherson, Dominik Kubalik - PP : Owen Tippett, Brayden Point - PK : Dominik Kubalik
Extra Defensemen
Normal : Erik Johnson, David Savard, Ian Cole - PP : David Savard - PK : Erik Johnson, David Savard
Penalty Shots
Jason Robertson, Drake Batherson, Brayden Point, Alex Ovechkin, David Savard
Calgary Flames
5 vs 5 Forward
Center Left Wing Right Wing Time % Phy DF OF
1 J.T. Miller Matthew Tkachuk Joel Eriksson Ek 31 0 2 3
2 Sebastian Aho Zach Hyman Timo Meier 30 0 2 3
3 Nic Dowd Mathieu Joseph Oliver Bjorkstrand 29 0 2 3
4 Cole Sillinger Rafael Harvey-Pinard Yakov Trenin 10 1 3 1
5 vs 5 Defense
Defense Defense Time % Phy DF OF
1 Kris Letang Drew Doughty 35 1 3 1
2 Jeff Petry Rasmus Andersson 35 1 3 1
3 Ryan McDonagh Jacob Middleton 30 1 3 1
4 Kris Letang Drew Doughty 0 1 3 1
PowerPlay Forward
Center Left Wing Right Wing Time % Phy DF OF
1 J.T. Miller Matthew Tkachuk Joel Eriksson Ek 50 0 0 5
2 Sebastian Aho Zach Hyman Timo Meier 50 0 0 5
PowerPlay Defense
Defense Defense Time % Phy DF OF
1 Kris Letang Jeff Petry 50 0 0 5
2 Rasmus Andersson Drew Doughty 50 0 0 5
Penalty Kill 4 Players Forward
Center Wing Time % Phy DF OF
1 Joel Eriksson Ek Mathieu Joseph 50 0 5 0
2 J.T. Miller Nic Dowd 50 0 5 0
Penalty Kill 4 Players Defense
Defense Defense Time % Phy DF OF
1 Drew Doughty Rasmus Andersson 50 0 5 0
2 Jeff Petry Kris Letang 50 0 5 0
Penalty Kill - 3 Players Forward
Forward Time % Phy DF OF
1 J.T. Miller 50 0 5 0
2 Sebastian Aho 50 0 5 0
Penalty Kill - 3 Players Defense
Defense Defense Time % Phy DF OF
1 Kris Letang Drew Doughty 50 0 5 0
2 Ryan McDonagh Jacob Middleton 50 0 5 0
4 vs 4 Forward
Center Wing Time % Phy DF OF
1 J.T. Miller Timo Meier 50 1 2 2
2 Sebastian Aho Zach Hyman 50 1 2 2
4 vs 4 Defense
Defense Defense Time % Phy DF OF
1 Drew Doughty Kris Letang 50 1 2 2
2 Jeff Petry Rasmus Andersson 50 1 2 2
Last Minutes Offensive
Center Left Wing Right Wing Defense Defense
J.T. Miller Matthew Tkachuk Sebastian Aho Kris Letang Drew Doughty
Last Minutes Defensive
Center Left Wing Right Wing Defense Defense
J.T. Miller Sebastian Aho Joel Eriksson Ek Kris Letang Drew Doughty
Goaltenders
Starting : Ilya Sorokin
Backup : Samuel Montembeault
Extra Forwards
Normal : Nic Dowd, Joel Eriksson Ek, Mathieu Joseph - PP : Nic Dowd, Joel Eriksson Ek - PK : Mathieu Joseph
Extra Defensemen
Normal : Rasmus Andersson, Kris Letang, Jeff Petry - PP : Rasmus Andersson - PK : Drew Doughty, Jeff Petry
Penalty Shots
J.T. Miller, Matthew Tkachuk, Sebastian Aho, Joel Eriksson Ek, Timo Meier
% Time on Ice - Washington Capitals
Lines # - Real PCT - Wanted PCT - Time Play
Normal Forward
1 - 40% - 40% - 18:23
2 - 27% - 30% - 12:43
3 - 18% - 20% - 8:09
4 - 15% - 10% - 7:02
Normal Defense
1 - 36% - 35% - 16:29
2 - 36% - 35% - 16:26
3 - 29% - 30% - 13:22
4 - 0% - 0% - 0:00
PP Forward
1 - 60% - 60% - 4:40
2 - 40% - 40% - 3:06
PP Defense
1 - 65% - 60% - 5:05
2 - 35% - 40% - 2:41
PK Forward
1 - 75% - 60% - 4:27
2 - 25% - 40% - 1:30
PK Defense
1 - 85% - 60% - 5:03
2 - 15% - 40% - 0:54
PK3 Forward
1 - 0% - 60%
2 - 0% - 40%
PK3 Defense
1 - 0% - 60%
2 - 0% - 40%
44 Forward
1 - 0% - 60%
2 - 0% - 40%
44 Defense
1 - 0% - 60%
2 - 0% - 40%
Last Minute Offensive - 0:00
Last Minute Defensive - 0:00
Total
Forward - 60:00
Defense - 60:00
|
% Time on Ice - Calgary Flames
Lines # - Real PCT - Wanted PCT - Time Play
Normal Forward
1 - 31% - 31% - 14:12
2 - 29% - 30% - 13:13
3 - 28% - 29% - 13:02
4 - 13% - 10% - 5:50
Normal Defense
1 - 36% - 35% - 16:34
2 - 35% - 35% - 16:04
3 - 29% - 30% - 13:39
4 - 0% - 0% - 0:00
PP Forward
1 - 50% - 50% - 2:58
2 - 50% - 50% - 2:59
PP Defense
1 - 54% - 50% - 3:14
2 - 46% - 50% - 2:43
PK Forward
1 - 52% - 50% - 4:00
2 - 48% - 50% - 3:46
PK Defense
1 - 50% - 50% - 3:55
2 - 50% - 50% - 3:51
PK3 Forward
1 - 0% - 50%
2 - 0% - 50%
PK3 Defense
1 - 0% - 50%
2 - 0% - 50%
44 Forward
1 - 0% - 50%
2 - 0% - 50%
44 Defense
1 - 0% - 50%
2 - 0% - 50%
Last Minute Offensive - 0:00
Last Minute Defensive - 0:00
Total
Forward - 60:00
Defense - 60:00
|
Play-by-Play
1st period
0:01 of 1st period - Jason Robertson wins face-off versus J.T. Miller in neutral zone.
0:27 of 1st period - John Carlson is hit by Timo Meier and loses puck.
0:36 of 1st period - Slapshot by Nico Hischier.
0:36 of 1st period - Shot Hit the Post.
0:38 of 1st period - Wrist shot by Brad Marchand.
0:38 of 1st period - Shot Misses the Net.
0:47 of 1st period - Off-side.
0:48 of 1st period - Nic Dowd wins face-off versus Isac Lundestrom in neutral zone.
1:23 of 1st period - Minor Penalty to Jacob Middleton for Tripping.
1:24 of 1st period - Joel Eriksson Ek wins face-off versus Brayden Point in Calgary Flames zone.
1:32 of 1st period - Snap shot by Brayden Point.
1:32 of 1st period - Stopped by Ilya Sorokin with a rebound.
1:34 of 1st period - Slapshot by David Savard.
1:34 of 1st period - Shot Blocked by Rasmus Andersson.
1:36 of 1st period - Snap shot by Jason Robertson.
1:36 of 1st period - Stopped by Ilya Sorokin without a rebound.
1:37 of 1st period - Joel Eriksson Ek wins face-off versus Brayden Point in Calgary Flames zone.
3:23 of 1st period - Penalty to Jacob Middleton is over, Jacob Middleton is back on ice.
3:48 of 1st period - Snap shot by Sebastian Aho.
3:48 of 1st period - Shot Misses the Net.
4:11 of 1st period - Off-side.
4:12 of 1st period - J.T. Miller wins face-off versus Nico Hischier in neutral zone.
4:15 of 1st period - Snap shot by Joel Eriksson Ek.
4:15 of 1st period - Goal by Joel Eriksson Ek - Washington Capitals : 0 - Calgary Flames : 1.
4:16 of 1st period - Brayden Point wins face-off versus J.T. Miller in neutral zone.
4:19 of 1st period - Rasmus Andersson is hit by Alex Ovechkin and loses puck.
4:28 of 1st period - Jeff Petry is hit by Nick Jensen.
4:49 of 1st period - Slapshot by Matthew Tkachuk.
4:49 of 1st period - Shot Blocked by Dominik Kubalik.
4:51 of 1st period - Snap shot by J.T. Miller.
4:51 of 1st period - Shot Misses the Net.
4:53 of 1st period - Slapshot by Kris Letang.
4:53 of 1st period - Stopped by Jake Oettinger with a rebound.
4:55 of 1st period - Snap shot by Joel Eriksson Ek.
4:55 of 1st period - Shot Blocked by Ian Cole.
4:57 of 1st period - Slapshot by Drew Doughty.
4:57 of 1st period - Shot Misses the Net.
4:59 of 1st period - Slapshot by Joel Eriksson Ek.
4:59 of 1st period - Shot Blocked by Ian Cole.
5:01 of 1st period - Backhand shot by Kris Letang.
5:01 of 1st period - Stopped by Jake Oettinger without a rebound.
5:02 of 1st period - Nic Dowd wins face-off versus Brayden Point in Washington Capitals zone.
5:05 of 1st period - Wrist shot by Oliver Bjorkstrand.
5:05 of 1st period - Shot Blocked by Erik Johnson.
5:07 of 1st period - Slapshot by Jeff Petry.
5:07 of 1st period - Stopped by Jake Oettinger with a rebound.
5:29 of 1st period - Jeff Petry is hit by Brad Marchand and loses puck.
5:34 of 1st period - Wrist shot by Brad Marchand.
5:34 of 1st period - Shot Misses the Net.
5:36 of 1st period - Wrist shot by Owen Tippett.
5:36 of 1st period - Stopped by Ilya Sorokin with a rebound.
5:38 of 1st period - Slapshot by John Carlson.
5:38 of 1st period - Shot Misses the Net.
5:40 of 1st period - Slapshot by John Carlson.
5:40 of 1st period - Stopped by Ilya Sorokin without a rebound.
5:41 of 1st period - Nic Dowd wins face-off versus Brayden Point in Calgary Flames zone.
5:55 of 1st period - John Carlson is hit by Ryan McDonagh and loses puck.
7:07 of 1st period - Snap shot by Owen Tippett.
7:07 of 1st period - Deflect By Joel Eriksson Ek.
7:07 of 1st period - Shot Misses the Net.
7:07 of 1st period - Puck is out of play.
7:08 of 1st period - Brayden Point wins face-off versus Nic Dowd in Calgary Flames zone.
8:17 of 1st period - Snap shot by J.T. Miller.
8:17 of 1st period - Stopped by Jake Oettinger without a rebound.
8:18 of 1st period - Nic Dowd wins face-off versus Alex Ovechkin in Washington Capitals zone.
8:29 of 1st period - David Savard is hit by Nic Dowd and loses puck.
9:05 of 1st period - Minor Penalty to Sebastian Aho for Roughing.
9:06 of 1st period - Brayden Point wins face-off versus J.T. Miller in Calgary Flames zone.
9:09 of 1st period - Wrist shot by Alex Ovechkin.
9:09 of 1st period - Shot Blocked by Nic Dowd.
10:44 of 1st period - Rasmus Andersson is hit by Alex Ovechkin and loses puck.
11:05 of 1st period - Penalty to Sebastian Aho is over, Sebastian Aho is back on ice.
11:09 of 1st period - John Carlson is hit by Jeff Petry and loses puck.
11:16 of 1st period - Snap shot by Matthew Tkachuk.
11:16 of 1st period - Stopped by Jake Oettinger without a rebound.
11:17 of 1st period - Sebastian Aho wins face-off versus Isac Lundestrom in Washington Capitals zone.
11:26 of 1st period - Snap shot by Zach Hyman.
11:26 of 1st period - Shot Misses the Net.
11:28 of 1st period - Slapshot by Jacob Middleton.
11:28 of 1st period - Stopped by Jake Oettinger with a rebound.
11:30 of 1st period - Snap shot by Zach Hyman.
11:30 of 1st period - Deflect By Timo Meier.
11:30 of 1st period - Stopped by Jake Oettinger without a rebound.
11:31 of 1st period - Brayden Point wins face-off versus J.T. Miller in Washington Capitals zone.
11:40 of 1st period - Snap shot by Brayden Point.
11:40 of 1st period - Stopped by Ilya Sorokin without a rebound.
11:41 of 1st period - Brayden Point wins face-off versus J.T. Miller in Calgary Flames zone.
11:56 of 1st period - Slapshot by Joel Eriksson Ek.
11:56 of 1st period - Deflect By Matthew Tkachuk.
11:56 of 1st period - Shot Misses the Net.
11:56 of 1st period - Puck is out of play.
11:57 of 1st period - Nic Dowd wins face-off versus Nico Hischier in Washington Capitals zone.
12:06 of 1st period - Rasmus Andersson is hit by Owen Tippett and loses puck.
13:30 of 1st period - Snap shot by Mathieu Joseph.
13:30 of 1st period - Deflect By Drake Batherson.
13:30 of 1st period - Shot Misses the Net.
13:30 of 1st period - Puck is out of play.
13:31 of 1st period - J.T. Miller wins face-off versus Jason Robertson in Washington Capitals zone.
13:58 of 1st period - Drew Doughty is hit by David Savard and loses puck.
14:03 of 1st period - Wrist shot by Jordan Kyrou.
14:03 of 1st period - Shot Hit the Post.
14:18 of 1st period - Icing by Kris Letang.
14:19 of 1st period - Nico Hischier wins face-off versus Sebastian Aho in Calgary Flames zone.
14:50 of 1st period - Slapshot by Alex Ovechkin.
14:50 of 1st period - Shot Misses the Net.
14:52 of 1st period - Snap shot by Alex Ovechkin.
14:52 of 1st period - Deflect By Brayden Point.
14:52 of 1st period - Stopped by Ilya Sorokin with a rebound.
14:59 of 1st period - Minor Penalty to Kris Letang for Hooking.
15:00 of 1st period - Brayden Point wins face-off versus Joel Eriksson Ek in Calgary Flames zone.
15:00 of 1st period - Wrist shot by Jason Robertson.
15:00 of 1st period - Shot Misses the Net.
15:02 of 1st period - Snap shot by Alex Ovechkin.
15:02 of 1st period - Shot Misses the Net.
15:04 of 1st period - Slapshot by John Carlson.
15:04 of 1st period - Shot Blocked by Jeff Petry.
15:06 of 1st period - Slapshot by David Savard.
15:06 of 1st period - Stopped by Ilya Sorokin without a rebound.
15:07 of 1st period - Joel Eriksson Ek wins face-off versus Brayden Point in Calgary Flames zone.
15:22 of 1st period - Snap shot by Jason Robertson.
15:22 of 1st period - Shot Misses the Net.
15:24 of 1st period - Slapshot by John Carlson.
15:24 of 1st period - Deflect By Mathieu Joseph.
15:24 of 1st period - Stopped by Ilya Sorokin without a rebound.
15:25 of 1st period - Nico Hischier wins face-off versus J.T. Miller in Calgary Flames zone.
15:28 of 1st period - Snap shot by Drake Batherson.
15:28 of 1st period - Stopped by Ilya Sorokin without a rebound.
15:29 of 1st period - J.T. Miller wins face-off versus Nico Hischier in Calgary Flames zone.
15:36 of 1st period - Wrist shot by Nico Hischier.
15:36 of 1st period - Stopped by Ilya Sorokin without a rebound.
15:37 of 1st period - Brayden Point wins face-off versus J.T. Miller in Calgary Flames zone.
15:44 of 1st period - Wrist shot by Alex Ovechkin.
15:44 of 1st period - Shot Blocked by Drew Doughty.
16:42 of 1st period - Wrist shot by Drake Batherson.
16:42 of 1st period - Stopped by Ilya Sorokin without a rebound.
16:43 of 1st period - Nico Hischier wins face-off versus Joel Eriksson Ek in Calgary Flames zone.
16:48 of 1st period - Snap shot by Drake Batherson.
16:48 of 1st period - Goal by Drake Batherson - Washington Capitals : 1 - Calgary Flames : 1.
16:49 of 1st period - Sebastian Aho wins face-off versus Nico Hischier in neutral zone.
17:12 of 1st period - Minor Penalty to Ian Cole for Hooking.
17:13 of 1st period - J.T. Miller wins face-off versus Michael Mcleod in Washington Capitals zone.
19:12 of 1st period - Penalty to Ian Cole is over, Ian Cole is back on ice.
19:29 of 1st period - Snap shot by Mathieu Joseph.
19:29 of 1st period - Shot Misses the Net.
19:45 of 1st period - Snap shot by Yakov Trenin.
19:45 of 1st period - Stopped by Jake Oettinger without a rebound.
19:46 of 1st period - Nico Hischier wins face-off versus Cole Sillinger in Washington Capitals zone.
Goals for this period are 1 for Washington Capitals vs 1 for Calgary Flames.
Shots for this period are 12 for Washington Capitals vs 9 for Calgary Flames.
2nd period
0:01 of 2nd period - Brayden Point wins face-off versus J.T. Miller in neutral zone.
0:20 of 2nd period - Brayden Point is hit by Matthew Tkachuk and loses puck.
0:40 of 2nd period - Slapshot by Mathieu Joseph.
0:40 of 2nd period - Stopped by Jake Oettinger with a rebound.
0:42 of 2nd period - Wrist shot by Oliver Bjorkstrand.
0:42 of 2nd period - Stopped by Jake Oettinger with a rebound.
0:44 of 2nd period - Slapshot by Rasmus Andersson.
0:44 of 2nd period - Deflect By Oliver Bjorkstrand.
0:44 of 2nd period - Stopped by Jake Oettinger without a rebound.
0:45 of 2nd period - Sebastian Aho wins face-off versus Nico Hischier in Washington Capitals zone.
0:46 of 2nd period - Wrist shot by Zach Hyman.
0:46 of 2nd period - Stopped by Jake Oettinger without a rebound.
0:47 of 2nd period - Sebastian Aho wins face-off versus Nico Hischier in Washington Capitals zone.
1:38 of 2nd period - Snap shot by Brayden Point.
1:38 of 2nd period - Stopped by Ilya Sorokin without a rebound.
1:39 of 2nd period - J.T. Miller wins face-off versus Brayden Point in Calgary Flames zone.
1:39 of 2nd period - J.T. Miller is hit by Brayden Point.
2:09 of 2nd period - Slapshot by Kris Letang.
2:09 of 2nd period - Deflect By Brayden Point.
2:09 of 2nd period - Stopped by Jake Oettinger without a rebound.
2:10 of 2nd period - Michael Mcleod wins face-off versus Sebastian Aho in Washington Capitals zone.
2:15 of 2nd period - Slapshot by Dominik Kubalik.
2:15 of 2nd period - Stopped by Ilya Sorokin without a rebound.
2:16 of 2nd period - Sebastian Aho wins face-off versus Michael Mcleod in Calgary Flames zone.
2:42 of 2nd period - Zach Hyman is hit by Nico Hischier and loses puck.
2:55 of 2nd period - Wrist shot by Owen Tippett.
2:55 of 2nd period - Stopped by Ilya Sorokin without a rebound.
2:56 of 2nd period - Brayden Point wins face-off versus Matthew Tkachuk in Calgary Flames zone.
2:59 of 2nd period - Wrist shot by Jason Robertson.
2:59 of 2nd period - Shot Blocked by Jacob Middleton.
3:36 of 2nd period - Wrist shot by Brayden Point.
3:36 of 2nd period - Shot Misses the Net.
3:38 of 2nd period - Snap shot by Alex Ovechkin.
3:38 of 2nd period - Stopped by Ilya Sorokin without a rebound.
3:39 of 2nd period - Nico Hischier wins face-off versus Nic Dowd in Calgary Flames zone.
3:40 of 2nd period - Slapshot by Brad Marchand.
3:40 of 2nd period - Stopped by Ilya Sorokin with a rebound.
3:42 of 2nd period - Snap shot by Brad Marchand.
3:42 of 2nd period - Deflect By Mathieu Joseph.
3:42 of 2nd period - Stopped by Ilya Sorokin without a rebound.
3:43 of 2nd period - Nico Hischier wins face-off versus Nic Dowd in Calgary Flames zone.
4:36 of 2nd period - Wrist shot by J.T. Miller.
4:36 of 2nd period - Stopped by Jake Oettinger with a rebound.
4:48 of 2nd period - Snap shot by Cole Sillinger.
4:48 of 2nd period - Stopped by Jake Oettinger with a rebound.
4:56 of 2nd period - Snap shot by Cole Sillinger.
4:56 of 2nd period - Stopped by Jake Oettinger with a rebound.
4:58 of 2nd period - Snap shot by Yakov Trenin.
4:58 of 2nd period - Stopped by Jake Oettinger with a rebound.
5:12 of 2nd period - John Carlson is hit by Zach Hyman and loses puck.
5:34 of 2nd period - Icing by Nick Jensen.
5:35 of 2nd period - Brayden Point wins face-off versus J.T. Miller in Washington Capitals zone.
6:18 of 2nd period - Ian Cole is hit by Drew Doughty and loses puck.
8:21 of 2nd period - Icing by Alex Ovechkin.
8:22 of 2nd period - Nic Dowd wins face-off versus Brayden Point in Washington Capitals zone.
8:29 of 2nd period - Brayden Point is hit by Oliver Bjorkstrand and loses puck.
8:48 of 2nd period - Nic Dowd is hit by Ian Cole and loses puck.
9:15 of 2nd period - Mathieu Joseph is hit by Alex Ovechkin and loses puck.
10:04 of 2nd period - Wrist shot by Alex Ovechkin.
10:04 of 2nd period - Shot Blocked by Jeff Petry.
10:06 of 2nd period - Wrist shot by Brayden Point.
10:06 of 2nd period - Shot Misses the Net.
10:28 of 2nd period - Snap shot by Jason Robertson.
10:28 of 2nd period - Stopped by Ilya Sorokin without a rebound.
10:29 of 2nd period - Nico Hischier wins face-off versus Sebastian Aho in Calgary Flames zone.
10:38 of 2nd period - Nico Hischier is hit by Timo Meier and loses puck.
11:24 of 2nd period - David Savard is hit by Kris Letang and loses puck.
11:38 of 2nd period - Icing by David Savard.
11:39 of 2nd period - Michael Mcleod wins face-off versus Cole Sillinger in Washington Capitals zone.
12:03 of 2nd period - Erik Johnson is hit by Zach Hyman and loses puck.
12:37 of 2nd period - Minor Penalty to David Savard for Holding.
12:38 of 2nd period - Michael Mcleod wins face-off versus Sebastian Aho in Washington Capitals zone.
13:48 of 2nd period - Slapshot by Nico Hischier.
13:48 of 2nd period - Deflect By Nick Foligno.
13:48 of 2nd period - Stopped by Ilya Sorokin without a rebound.
13:49 of 2nd period - Sebastian Aho wins face-off versus Isac Lundestrom in Calgary Flames zone.
13:54 of 2nd period - Slapshot by Rasmus Andersson.
13:54 of 2nd period - Deflect By Timo Meier.
13:54 of 2nd period - Shot Misses the Net.
13:54 of 2nd period - Puck is out of play.
13:55 of 2nd period - Sebastian Aho wins face-off versus Michael Mcleod in Washington Capitals zone.
14:37 of 2nd period - Penalty to David Savard is over, David Savard is back on ice.
14:55 of 2nd period - Dylan DeMelo is hit by Jeff Petry and loses puck.
15:10 of 2nd period - Kris Letang is hit by Drake Batherson and loses puck.
16:15 of 2nd period - John Carlson is hit by Joel Eriksson Ek and loses puck.
16:38 of 2nd period - John Carlson is hit by Drew Doughty and loses puck.
17:10 of 2nd period - Wrist shot by Cole Sillinger.
17:10 of 2nd period - Shot Blocked by Nick Foligno.
17:16 of 2nd period - Rafael Harvey-Pinard is hit by Nick Jensen and loses puck.
17:45 of 2nd period - Slapshot by Matthew Tkachuk.
17:45 of 2nd period - Stopped by Jake Oettinger without a rebound.
17:46 of 2nd period - Michael Mcleod wins face-off versus Sebastian Aho in Washington Capitals zone.
18:14 of 2nd period - Slapshot by Mathieu Joseph.
18:14 of 2nd period - Shot Misses the Net.
18:16 of 2nd period - Wrist shot by Nic Dowd.
18:16 of 2nd period - Shot Misses the Net.
18:18 of 2nd period - Slapshot by Drew Doughty.
18:18 of 2nd period - Shot Misses the Net.
18:20 of 2nd period - Slapshot by Drew Doughty.
18:20 of 2nd period - Stopped by Jake Oettinger without a rebound.
18:21 of 2nd period - Sebastian Aho wins face-off versus Brad Marchand in Washington Capitals zone.
18:38 of 2nd period - Wrist shot by Timo Meier.
18:38 of 2nd period - Stopped by Jake Oettinger with a rebound.
18:56 of 2nd period - Wrist shot by Oliver Bjorkstrand.
18:56 of 2nd period - Stopped by Jake Oettinger with a rebound.
18:58 of 2nd period - Snap shot by Mathieu Joseph.
18:58 of 2nd period - Stopped by Jake Oettinger with a rebound.
19:06 of 2nd period - Minor Penalty to Erik Johnson for Hooking.
19:07 of 2nd period - J.T. Miller wins face-off versus Michael Mcleod in Washington Capitals zone.
19:14 of 2nd period - Slapshot by Matthew Tkachuk.
19:14 of 2nd period - Shot Blocked by Brad Marchand.
19:44 of 2nd period - Slapshot by Kris Letang.
19:44 of 2nd period - Deflect By Zach Hyman.
19:44 of 2nd period - Stopped by Jake Oettinger without a rebound.
19:45 of 2nd period - Sebastian Aho wins face-off versus Isac Lundestrom in Washington Capitals zone.
19:46 of 2nd period - Snap shot by Zach Hyman.
19:46 of 2nd period - Shot Misses the Net.
Goals for this period are 0 for Washington Capitals vs 0 for Calgary Flames.
Shots for this period are 8 for Washington Capitals vs 15 for Calgary Flames.
3rd period
0:01 of 3rd period - Michael Mcleod wins face-off versus J.T. Miller in neutral zone.
0:37 of 3rd period - Icing by Jeff Petry.
0:38 of 3rd period - Michael Mcleod wins face-off versus Sebastian Aho in Calgary Flames zone.
1:06 of 3rd period - Penalty to Erik Johnson is over, Erik Johnson is back on ice.
1:37 of 3rd period - Slapshot by Brad Marchand.
1:37 of 3rd period - Stopped by Ilya Sorokin with a rebound.
1:48 of 3rd period - Icing by Sebastian Aho.
1:49 of 3rd period - Sebastian Aho wins face-off versus Michael Mcleod in Calgary Flames zone.
2:39 of 3rd period - Wrist shot by Oliver Bjorkstrand.
2:39 of 3rd period - Shot Misses the Net.
3:05 of 3rd period - Snap shot by Jordan Kyrou.
3:05 of 3rd period - Stopped by Ilya Sorokin without a rebound.
3:06 of 3rd period - Nico Hischier wins face-off versus Sebastian Aho in Calgary Flames zone.
3:45 of 3rd period - Wrist shot by Dominik Kubalik.
3:45 of 3rd period - Shot Misses the Net.
3:55 of 3rd period - Snap shot by J.T. Miller.
3:55 of 3rd period - Shot Misses the Net.
3:57 of 3rd period - Snap shot by Joel Eriksson Ek.
3:57 of 3rd period - Shot Hit the Post.
3:59 of 3rd period - Wrist shot by Joel Eriksson Ek.
3:59 of 3rd period - Stopped by Jake Oettinger with a rebound.
4:01 of 3rd period - Wrist shot by Matthew Tkachuk.
4:01 of 3rd period - Shot Misses the Net.
4:03 of 3rd period - Snap shot by Joel Eriksson Ek.
4:03 of 3rd period - Shot Misses the Net.
4:21 of 3rd period - Slapshot by Oliver Bjorkstrand.
4:21 of 3rd period - Stopped by Jake Oettinger without a rebound.
4:22 of 3rd period - Nic Dowd wins face-off versus Isac Lundestrom in Washington Capitals zone.
4:58 of 3rd period - Snap shot by Nick Foligno.
4:58 of 3rd period - Stopped by Ilya Sorokin with a rebound.
5:00 of 3rd period - Wrist shot by Ian Cole.
5:00 of 3rd period - Stopped by Ilya Sorokin with a rebound.
5:02 of 3rd period - Slapshot by Isac Lundestrom.
5:02 of 3rd period - Stopped by Ilya Sorokin without a rebound.
5:03 of 3rd period - Nico Hischier wins face-off versus Sebastian Aho in Calgary Flames zone.
5:04 of 3rd period - Snap shot by Owen Tippett.
5:04 of 3rd period - Stopped by Ilya Sorokin with a rebound.
5:10 of 3rd period - Slapshot by Jeff Petry.
5:10 of 3rd period - Stopped by Jake Oettinger with a rebound.
5:12 of 3rd period - Backhand shot by Jeff Petry.
5:12 of 3rd period - Stopped by Jake Oettinger with a rebound.
5:14 of 3rd period - Snap shot by Timo Meier.
5:14 of 3rd period - Stopped by Jake Oettinger with a rebound.
5:16 of 3rd period - Slapshot by Jeff Petry.
5:16 of 3rd period - Stopped by Jake Oettinger with a rebound.
5:18 of 3rd period - Slapshot by Jeff Petry.
5:18 of 3rd period - Stopped by Jake Oettinger without a rebound.
5:19 of 3rd period - Brayden Point wins face-off versus J.T. Miller in Washington Capitals zone.
5:55 of 3rd period - Snap shot by Nico Hischier.
5:55 of 3rd period - Shot Hit the Post.
5:57 of 3rd period - Snap shot by Nico Hischier.
5:57 of 3rd period - Stopped by Ilya Sorokin without a rebound.
5:58 of 3rd period - Nico Hischier wins face-off versus Nic Dowd in Calgary Flames zone.
7:51 of 3rd period - Icing by Nick Jensen.
7:52 of 3rd period - Brayden Point wins face-off versus Cole Sillinger in Washington Capitals zone.
7:54 of 3rd period - Icing by Jason Robertson.
7:55 of 3rd period - Brayden Point wins face-off versus Cole Sillinger in Washington Capitals zone.
8:08 of 3rd period - Snap shot by Brayden Point.
8:08 of 3rd period - Deflect By Jason Robertson.
8:08 of 3rd period - Shot Misses the Net.
8:08 of 3rd period - Puck is out of play.
8:09 of 3rd period - Nico Hischier wins face-off versus Zach Hyman in Calgary Flames zone.
8:16 of 3rd period - Snap shot by Zach Hyman.
8:16 of 3rd period - Stopped by Jake Oettinger without a rebound.
8:17 of 3rd period - Nico Hischier wins face-off versus Sebastian Aho in Washington Capitals zone.
8:52 of 3rd period - Snap shot by Zach Hyman.
8:52 of 3rd period - Goal by Zach Hyman - Washington Capitals : 1 - Calgary Flames : 2.
8:53 of 3rd period - J.T. Miller wins face-off versus Brayden Point in neutral zone.
9:20 of 3rd period - Dylan DeMelo is hit by Rasmus Andersson and loses puck.
9:47 of 3rd period - Oliver Bjorkstrand is hit by Brad Marchand and loses puck.
10:04 of 3rd period - Icing by Mathieu Joseph.
10:05 of 3rd period - Michael Mcleod wins face-off versus Cole Sillinger in Calgary Flames zone.
10:39 of 3rd period - Snap shot by Matthew Tkachuk.
10:39 of 3rd period - Stopped by Jake Oettinger with a rebound.
11:11 of 3rd period - Snap shot by Zach Hyman.
11:11 of 3rd period - Stopped by Jake Oettinger without a rebound.
11:12 of 3rd period - Sebastian Aho wins face-off versus Brayden Point in Washington Capitals zone.
11:29 of 3rd period - Backhand shot by Zach Hyman.
11:29 of 3rd period - Stopped by Jake Oettinger without a rebound.
11:30 of 3rd period - J.T. Miller wins face-off versus Owen Tippett in Washington Capitals zone.
11:31 of 3rd period - Wrist shot by Matthew Tkachuk.
11:31 of 3rd period - Stopped by Jake Oettinger with a rebound.
11:33 of 3rd period - Slapshot by Matthew Tkachuk.
11:33 of 3rd period - Goal by Matthew Tkachuk - Washington Capitals : 1 - Calgary Flames : 3.
11:34 of 3rd period - J.T. Miller wins face-off versus Brayden Point in neutral zone.
12:23 of 3rd period - Slapshot by Jordan Kyrou.
12:23 of 3rd period - Stopped by Ilya Sorokin without a rebound.
12:24 of 3rd period - Sebastian Aho wins face-off versus Isac Lundestrom in Calgary Flames zone.
12:32 of 3rd period - Rasmus Andersson is hit by Isac Lundestrom and loses puck.
13:00 of 3rd period - Slapshot by Alex Ovechkin.
13:00 of 3rd period - Shot Misses the Net.
13:12 of 3rd period - Slapshot by Nico Hischier.
13:12 of 3rd period - Deflect By Owen Tippett.
13:12 of 3rd period - Shot Misses the Net.
13:12 of 3rd period - Puck is out of play.
13:13 of 3rd period - Nico Hischier wins face-off versus Nic Dowd in Calgary Flames zone.
13:50 of 3rd period - Wrist shot by Jason Robertson.
13:50 of 3rd period - Shot Misses the Net.
14:06 of 3rd period - Jacob Middleton is hit by Dominik Kubalik and loses puck.
14:19 of 3rd period - Snap shot by Drake Batherson.
14:19 of 3rd period - Shot Misses the Net.
14:58 of 3rd period - Slapshot by Rasmus Andersson.
14:58 of 3rd period - Stopped by Jake Oettinger with a rebound.
15:00 of 3rd period - Slapshot by Rasmus Andersson.
15:00 of 3rd period - Deflect By Yakov Trenin.
15:00 of 3rd period - Shot Blocked by Nick Foligno.
15:00 of 3rd period - Puck is out of play.
15:01 of 3rd period - J.T. Miller wins face-off versus Michael Mcleod in Washington Capitals zone.
15:02 of 3rd period - Wrist shot by Matthew Tkachuk.
15:02 of 3rd period - Shot Misses the Net.
15:04 of 3rd period - Slapshot by Jeff Petry.
15:04 of 3rd period - Stopped by Jake Oettinger with a rebound.
15:28 of 3rd period - Michael Mcleod is hit by Rasmus Andersson and loses puck.
15:39 of 3rd period - Slapshot by Jeff Petry.
15:39 of 3rd period - Shot Misses the Net.
15:41 of 3rd period - Wrist shot by Rasmus Andersson.
15:41 of 3rd period - Stopped by Jake Oettinger with a rebound.
16:43 of 3rd period - Slapshot by Matthew Tkachuk.
16:43 of 3rd period - Stopped by Jake Oettinger without a rebound.
16:44 of 3rd period - Nic Dowd wins face-off versus Brayden Point in Washington Capitals zone.
17:21 of 3rd period - Wrist shot by Matthew Tkachuk.
17:21 of 3rd period - Stopped by Jake Oettinger without a rebound.
17:22 of 3rd period - Brayden Point wins face-off versus Cole Sillinger in Washington Capitals zone.
17:22 of 3rd period - Brayden Point is hit by Rafael Harvey-Pinard.
17:32 of 3rd period - Snap shot by Rafael Harvey-Pinard.
17:32 of 3rd period - Shot Misses the Net.
17:39 of 3rd period - Minor Penalty to Yakov Trenin for High sticking.
17:40 of 3rd period - J.T. Miller wins face-off versus Brayden Point in Calgary Flames zone.
18:07 of 3rd period - Joel Eriksson Ek is hit by John Carlson.
19:39 of 3rd period - Penalty to Yakov Trenin is over, Yakov Trenin is back on ice.
Goals for this period are 0 for Washington Capitals vs 2 for Calgary Flames.
Shots for this period are 8 for Washington Capitals vs 19 for Calgary Flames.
Back to the Top